 Dungeon Crawl Stone Soup version 0.30-a0-568-g124715a40b (webtiles) character file.

Game seed: 13642120438519888367

116990 jfcaron the Severer (level 16, -5/116 (127) HPs)
             Began as a Demonspawn Monk on Dec 29, 2022.
             Was the Champion of Trog.
             Slain by a hell knight
             ... wielding a +2 great mace
              (24 damage)
             ... on level 15 of the Dungeon.
             The game lasted 01:09:28 (28960 turns).

jfcaron the Severer (Demonspawn Monk)              Turns: 28960, Time: 01:09:28

HP:   -5/116 (127)  AC: 21    Str: 19    XL:     16   Next: 22%
MP:   4/16          EV: 14    Int: 29    God:    Trog [******]
Gold: 1393          SH: 11    Dex: 19    Spells: 15/15 levels left

rFire   . . .      SeeInvis .    a - +10 broad axe "Aramu" {freeze, Will- Str+2 Dex+3 Stlth+}
rCold   + . .      Faith    .    A - +0 buckler
rNeg    . . .      Spirit   .    M - +2 swamp dragon scales
rPois   +          Reflect  +    P - +0 hat
rElec   +          Harm     .    G - +1 cloak {Stlth+}
rCorr   .          Rampage  .    s - +3 Mad Mage's Maulers {Infuse+∞ VampMP -Cast}
Will    +....      NoCast   +    w - +0 pair of boots
Stlth   +++++                    X - amulet of reflection
HPRegen 0.39/turn                l - ring "Biuz" {Fire Int+3 Slay+2 Stlth+}
MPRegen 0.15/turn                m - ring "Ykakhify" {rElec rF- rC++ Will+ Int+8}

@: flying, drained
A: horns 2, demonic guardian 1, foul stench 2, big brain 2
a: Renounce Religion, Berserk, Trog's Hand, Brothers in Arms


You were on level 15 of the Dungeon.
You worshipped Trog.
Trog was exalted by your worship.
You visited 3 branches of the dungeon, and saw 22 of its levels.
You also visited: Sewer and Gauntlet.

You collected 2628 gold pieces.
You spent 1235 gold pieces at shops.

Inventory:

Hand Weapons
 a - the +10 broad axe "Aramu" (weapon) {freeze, Will- Str+2 Dex+3 Stlth+}
   (You found it on level 5 of the Dungeon)

   It freezes those it strikes, dealing additional cold damage.
   It can also slow down cold-blooded creatures.
   Str:       It affects your strength (+2).
   Dex:       It affects your dexterity (+3).
   Will:      It decreases your willpower.
   Stlth:     It makes you more stealthy.
 b - a +4 vampiric broad axe
   (You found it on level 5 of the Dungeon)
Missiles
 B - 4 silver javelins (quivered) {!f}
 C - 31 poisoned darts
 D - 2 throwing nets {!f}
 O - 2 curare-tipped darts {!f}
Armour
 s - the +3 Mad Mage's Maulers (worn) {Infuse+∞ VampMP -Cast}
   (You found it in a Gauntlet)

   It empowers its wearer's blows with all of their magic.
   Blows struck in melee replenish the wearer's magic.
   -Cast:     It prevents spellcasting.
 w - a +0 pair of boots (worn)
 z - a +0 plate armour of fire resistance
   (You took it off a hell knight on level 15 of the Dungeon)
 A - a +0 buckler (worn)
 G - a +1 cloak of stealth (worn)
   (You found it on level 9 of the Dungeon)
 M - +2 swamp dragon scales (worn)
 P - a +0 hat (worn)
Jewellery
 l - the ring "Biuz" (left hand) {Fire Int+3 Slay+2 Stlth+}
   (You found it on level 6 of the Dungeon)

   [ring of fire]

   It enhances your fire magic.
   Int:       It affects your intelligence (+3).
   Slay:      It affects your accuracy & damage with ranged weapons and melee
   (+2).
   rF:        It protects you from fire.
   rC:        It makes you vulnerable to cold.
   Stlth:     It makes you more stealthy.
 m - the ring "Ykakhify" (right hand) {rElec rF- rC++ Will+ Int+8}
   (You acquired it on level 5 of the Lair of Beasts)

   [ring of willpower]

   Int:       It affects your intelligence (+8).
   rF:        It makes you vulnerable to fire.
   rC:        It greatly protects you from cold.
   rElec:     It insulates you from electricity.
   Will:      It increases your willpower.
 E - a ring of resist corrosion
 X - an amulet of reflection (around neck)
   (You found it on level 1 of the Lair of Beasts)
Wands
 g - a wand of roots (30)
   (You took it off Pikel on level 8 of the Dungeon)
 u - a wand of mindburst (3)
 S - a wand of charming (14)
   (You found it on level 9 of the Dungeon)
 T - a wand of digging (8)
   (You found it on level 14 of the Dungeon)
 U - a wand of flame (5)
Scrolls
 e - 4 scrolls of silence
 i - 11 scrolls of fear
 k - 5 scrolls of magic mapping
 p - 10 scrolls of fog
 q - 4 scrolls of enchant armour
 t - a scroll of blinking
 v - 8 scrolls of noise
 y - a scroll of brand weapon
 H - 10 scrolls of vulnerability
 J - a scroll of butterflies
 K - 2 scrolls of torment
 R - 3 scrolls of poison
 W - 11 scrolls of teleportation
Potions
 c - 4 potions of ambrosia
 d - 6 potions of attraction
 h - 5 potions of curing
 n - 2 potions of haste
 o - 4 potions of lignification
 r - 3 potions of mutation
 x - 3 potions of invisibility
 F - 2 potions of berserk rage
 I - a potion of resistance
 N - 6 potions of heal wounds
 Q - 3 potions of might
 V - 2 potions of flight
 Y - 2 potions of cancellation
Miscellaneous
 f - a phantom mirror
   (You found it on level 15 of the Dungeon)
 L - a condenser vane
   (You found it on level 5 of the Lair of Beasts)


   Skills:
 + Level 11.8 Fighting
 + Level 18.8 Axes
 - Level 5.0 Throwing
 + Level 11.6 Armour
 + Level 6.7 Dodging
 - Level 2.0 Stealth
 * Level 5.3 Shields
 + Level 8.9 Evocations


You had 15 spell levels left.
You didn't know any spells.
Your spell library contained the following spells:

 Spells                   Type           Power      Damage    Failure   Level
 Beastly Appendage        Tmut           0%         N/A       21%         1
 Sandblast                Erth           0%         2d4       21%         1
 Sting                    Tmut/Pois      0%         1d3       21%         1
 Passwall                 Tmut/Erth      0%         N/A       30%         2
 Scorch                   Fire           0%         2d5       30%         2
 Wereblood                Tmut           0%         N/A       30%         2
 Ignite Poison            Fire/Tmut/Pois 0%         N/A       52%         3
 Spider Form              Tmut/Pois      0%         N/A       52%         3
 Stone Arrow              Conj/Erth      0%         3d7       52%         3
 Flame Wave               Conj/Fire      0%         2d4       90%         4
 Ice Form                 Ice/Tmut       0%         N/A       90%         4
 Sticky Flame             Conj/Fire      0%         2d3       90%         4
 Blade Hands              Tmut           0%         N/A       99%         5
 Summon Cactus Giant      Summ           0%         N/A       100%        6
 Ignition                 Fire           0%         3d3       100%        8


Dungeon Overview and Level Annotations

Branches:
Dungeon (15/15)            Temple (0/1) D:4            Lair (5/5) D:9
  Swamp (0/4) Lair:2       Spider (0/4) Lair:2        Slime (0/5) Lair:5
    Orc (2/2) D:12            Elf (0/3) Orc:2        Vaults (0/5) D:14
 Depths (0/4) D:15          Sewer (visited)         Gauntlet (visited)

Altars:
Cheibriados
Dithmenos
Trog
Vehumet
Yredelemnul
Jiyva
Lugonu

Shops:
Orc:2 ?*:*

Portals:
Abyss: D:8


Innate Abilities, Weirdness & Mutations

You have a pair of horns on your head.
A weak demonic guardian rushes to your aid.
You sometimes emit foul miasma when damaged in melee.
You have an extremely huge brain. (Int +4)


Message History

a +2 broad axe of draining; a +0 chain mail; a +0 dagger; a +0 robe; a javelin You slash the necromancer!
You freeze the necromancer. You headbutt the necromancer.
The necromancer is severely wounded.
You slice the necromancer!! You freeze the necromancer.
You kill the necromancer!
Trog accepts your kill.
Trog appreciates your killing of a magic user.
The hell knight prays to its god.
The hell knight seems to speed up.
You cut the hell hound into ribbons!!! You freeze the hell hound!
You kill the hell hound!
Trog accepts your kill.
The hell knight mumbles some strange prayers to its god against you.
The bolt of fire hits the hell knight.
The hell knight completely resists.
The bolt of fire hits you!!
The hell knight utters an invocation to its god.
The hell knight seems to speed up.
Your rust devil hits the hell knight simulacrum.
Your rust devil corrodes the hell knight simulacrum!
The hell knight mumbles some strange prayers to its god against you.
The bolt of fire hits the hell knight.
The hell knight completely resists.
The bolt of fire misses you.
The hell knight hits you with a +2 great mace!
* * * LOW HITPOINT WARNING * * *
The hell knight simulacrum hits your rust devil but does no damage.
Your rust devil hits the hell knight simulacrum.
The hell knight simulacrum seems to be corroded for longer.
Things that are here:
a +0 dagger; a +0 robe; a human corpse The hell knight attacks as you move away!
You block the hell knight's attack.
The hell knight hits you with a +2 great mace!
* * * LOW HITPOINT WARNING * * *
Your rust devil hits the hell knight simulacrum.
The hell knight simulacrum seems to be corroded for longer.
The hell knight simulacrum hits you but does no damage.
The hell knight attacks as you move away!
The hell knight hits you with a +2 great mace!!
You die...

##.####..#.#########.#......#
.........#.# .#.#......#####
###......#.# .#.≈........... #
#..###.#[# .#.≈)##########
###......#.# <#.≈.....#
.........#.#. .#.≈.....###
###......#.#.#####.#.≈.....'.#
#......#.#..pp)..#.#.....#.###
#....[.#.###§≈@###.#.....#...#
######.#.....4Z....#.....###.##
#.#############.##.## #...
#...............##.## ###.
###.#..###....####..#####.
#..........##.........##
########...#.....P..8..#
#.........P....P.
#.......P....8...


You could see 2 hell knights, a hell knight simulacrum (corroded, ally target)
and a friendly rust devil (summoned).

Vanquished Creatures
  Gastronok (D:9)
  Azrael (Orc:1)
  Nessos (Orc:1)
  2 minotaurs
  Josephine (Lair:3)
  4 vault guards (D:14)
  2 ogre magi (Orc:2)
  8 hydras
  Erica (D:8)
  A catoblepas (Lair:5)
  2 centaur warriors
  A tengu warrior (D:13)
  4 boulder beetles
  9 two-headed ogres
  An orc high priest (Orc:1)
  Sonja (Orc:1)
  The ghost of arthad the Geomancer, a journeyman GrEE of Sif Muna (D:9)
  A fire crab (shapeshifter) (D:14)
  2 hell knights (D:15)
  2 large abominations (Gauntlet)
  A goliath frog (Lair:5)
  2 skeletal warriors (D:15)
  2 deep trolls (Orc:2)
  3 necromancers (D:15)
  2 orc knights (Orc:1)
  A lindwurm (Lair:3)
  Pikel (D:8)
  The ghost of nachturnus the Cleaver, a novice DrFi of Qazlal (D:6)
  3 wizards (D:14)
  5 deep elf pyromancers
  24 ugly things
  A phantasmal warrior (D:15)
  7 deep elf zephyrmancers (Orc:1)
  3 oklob plants
  2 orc sorcerers (Orc:2)
  10 cyclopes
  5 manticores
  12 elephants
  Joseph (D:7)
  11 black mambas
  Maggie (D:8)
  4 kobold demonologists
  2 minotaur zombies (Gauntlet)
  23 cane toads
  9 komodo dragons
  A komodo dragon (shapeshifter) (D:14)
  5 rime drakes
  A freezing wraith (D:15)
  3 yaktaurs (D:15)
  A tengu conjurer (D:14)
  3 polar bears (Lair:5)
  9 trolls
  31 blink frogs
  2 raiju (Gauntlet)
  5 slime creatures
  3 tyrant leeches
  Prince Ribbit (D:8)
  A spriggan zombie (D:15)
  A vampire (D:12)
  A spriggan skeleton (D:15)
  A centaur simulacrum (D:15)
  5 shadows
  6 wraiths
  42 yaks
  3 fire elementals (Orc:2)
  4 small abominations (Gauntlet)
  16 vampire mosquitoes
  6 wyverns
  4 basilisks
  A human zombie (D:15)
  5 wargs
  3 swamp worms (Lair:2)
  A glowing shapeshifter zombie (D:15)
  2 acid dragons
  19 water moccasins
  12 hell hounds
  A meliai simulacrum (D:14)
  Pargi (Sewer)
  3 ice beasts
  A swamp drake (D:12)
  20 orc warriors
  2 black bears
  5 boggarts (D:14)
  16 wolves
  3 centaurs
  18 ogres
  A lemure (D:8)
  4 kobold brigands
  16 bullfrogs
  2 scorpions
  3 gnoll sergeants
  4 wights (D:8)
  20 killer bees
  8 howler monkeys
  3 electric eels
  4 jellies
  5 hounds
  23 orc priests
  Jessica (D:3)
  An iguana (D:5)
  23 orc wizards
  2 lightning spires (Gauntlet)
  A bullfrog simulacrum (D:6)
  A killer bee simulacrum (D:6)
  19 gnolls
  10 adders
  4 shadow imps
  3 white imps
  A worm (D:3)
  A dart slug (D:1)
  81 orcs
  7 bats
  6 endoplasms
  7 giant cockroaches
  6 goblins
  5 hobgoblins
  27 kobolds
  5 quokkas
  4 ball pythons (D:1)
  5 frilled lizards
  4 rats
  43 fungi
  2 lurking horrors (D:8)
  103 plants
  4 withered plants (D:15)
919 creatures vanquished.

Notes
Turn   | Place    | Note
-------+----------+-------------------------------------------
     0 | D:1      | jfcaron the Demonspawn Monk began the quest for the Orb.
     0 | D:1      | Reached XP level 1. HP: 18/18 MP: 1/1
   132 | D:1      | Gained mutation: You have a pair of small horns on your
                  | head. [demonic ancestry]
   132 | D:1      | Reached XP level 2. HP: 24/24 MP: 2/2
   389 | D:1      | Found a faded altar of an unknown god.
   419 | D:1      | Prayed at the altar of an unknown god.
   419 | D:1      | Became a worshipper of Trog the Wrathful
   419 | D:1      | Reached * piety under Trog
   419 | D:1      | Reached ** piety under Trog
   682 | D:1      | Reached skill level 3 in Axes
   682 | D:1      | Reached skill level 1 in Armour
  1229 | D:2      | Found a bloodstained altar of Trog.
  1269 | D:2      | Reached *** piety under Trog
  1304 | D:2      | Reached XP level 3. HP: 29/29 MP: 3/3
  1950 | D:3      | Found a glowing drain.
  1985 | Sewer    | Entered a sewer
  2042 | Sewer    | Noticed Pargi
  2055 | Sewer    | Killed Pargi
  2056 | Sewer    | Reached skill level 1 in Evocations
  2056 | Sewer    | Reached XP level 4. HP: 27/35 MP: 4/4
  2056 | Sewer    | Gained mutation: You may rarely emit foul miasma when
                  | damaged in melee. [demonic ancestry]
  2056 | Sewer    | Reached XP level 5. HP: 32/41 MP: 5/5
  2470 | D:3      | Noticed Jessica
  2485 | D:3      | Killed Jessica
  2486 | D:3      | Reached skill level 4 in Axes
  3240 | D:4      | Reached XP level 6. HP: 46/48 MP: 6/6
  3645 | D:4      | Reached **** piety under Trog
  3650 | D:4      | Found a staircase to the Ecumenical Temple.
  3730 | D:4      | HP: 3/48 [acid (11)]
  4098 | D:5      | Entered Level 5 of the Dungeon
  4112 | D:5      | Gained mutation: You sometimes emit foul miasma when
                  | damaged in melee. [demonic ancestry]
  4112 | D:5      | Reached XP level 7. HP: 54/54 MP: 7/7
  4267 | D:5      | Identified the +10 broad axe "Aramu" {freeze, Will- Str+2
                  | Dex+3 Stlth+}
  4346 | D:5      | Noticed a yak
  4346 | D:5      | Noticed a yak
  4347 | D:5      | Noticed a yak
  4347 | D:5      | Noticed a yak
  4349 | D:5      | Noticed a yak
  4364 | D:5      | Killed a yak
  4365 | D:5      | Reached skill level 5 in Axes
  4367 | D:5      | Killed a yak
  4380 | D:5      | Killed a yak
  4381 | D:5      | Reached XP level 8. HP: 51/61 MP: 8/8
  4387 | D:5      | Reached skill level 5 in Fighting
  4387 | D:5      | Reached skill level 5 in Armour
  4392 | D:5      | Reached skill level 6 in Axes
  4931 | D:6      | Found a runed translucent gate.
  4933 | D:6      | Found a runed translucent gate.
  4934 | D:6      | Found a runed translucent gate.
  5146 | D:6      | Noticed nachturnus's ghost (novice DrFi)
  5412 | D:6      | HP: 12/63 [nachturnus's ghost (9)]
  5415 | D:6      | Killed nachturnus's ghost
  5416 | D:6      | Reached skill level 7 in Axes
  5416 | D:6      | Reached XP level 9. HP: 27/69 MP: 9/9
  5465 | D:6      | Got the ring "Biuz" {Fire Int+3 Slay+2 Stlth+}
  5697 | D:7      | Noticed Joseph
  5735 | D:7      | Killed Joseph
  5736 | D:7      | Reached skill level 5 in Evocations
  5772 | D:7      | Reached ***** piety under Trog
  6265 | D:8      | Noticed Erica
  6283 | D:8      | Killed Erica
  6284 | D:8      | Reached skill level 8 in Axes
  6284 | D:8      | Gained mutation: You have an unusually large brain. (Int
                  | +2) [demonic ancestry]
  6284 | D:8      | Reached XP level 10. HP: 25/77 MP: 10/10
  6533 | D:8      | Noticed Maggie
  6544 | D:8      | Killed Maggie
  6545 | D:8      | Received a gift from Trog
  6780 | D:8      | Noticed Pikel
  6791 | D:8      | Killed Pikel
  6792 | D:8      | Reached skill level 9 in Axes
  6907 | D:8      | Noticed Prince Ribbit
  6918 | D:8      | Killed Prince Ribbit
  6964 | D:8      | Found a corrupted altar of Lugonu.
  7152 | D:8      | Found a one-way gate to the infinite horrors of the Abyss.
  7759 | D:9      | Found a staircase to the Lair.
  7932 | D:9      | Noticed Gastronok
  8126 | D:9      | Killed Gastronok
  8127 | D:9      | Reached XP level 11. HP: 86/86 MP: 11/11
  8192 | D:9      | Found a runed translucent gate.
  8193 | D:9      | Found a runed translucent gate.
  8199 | D:9      | Found a runed translucent gate.
  8200 | D:9      | Noticed arthad's ghost (journeyman GrEE)
  8500 | D:9      | Found a radiant altar of Vehumet.
  8693 | D:9      | Received a gift from Trog
  8694 | D:9      | Reached skill level 10 in Axes
  8993 | Lair:1   | Entered Level 1 of the Lair of Beasts
  9123 | Lair:1   | Reached skill level 10 in Armour
  9263 | Lair:1   | Found a runed translucent door.
  9399 | Lair:1   | Reached skill level 11 in Axes
 10288 | Lair:2   | Found a hole to the Spider Nest.
 10522 | Lair:2   | Reached skill level 12 in Axes
 10522 | Lair:2   | Reached XP level 12. HP: 96/96 MP: 12/12
 10943 | Lair:2   | Found a basalt altar of Yredelemnul.
 11112 | Lair:2   | Noticed a four-headed hydra
 11120 | Lair:2   | Killed a one-headed hydra
 11328 | Lair:2   | Found a staircase to the Swamp.
 11443 | Lair:2   | Reached skill level 10 in Fighting
 11697 | Lair:3   | Reached skill level 13 in Axes
 12344 | Lair:3   | HP: 19/97 [rime drake/icy flash freeze (29)]
 12346 | Lair:3   | HP: 5/97 [cane toad (17)]
 12347 | Lair:3   | Reached skill level 14 in Axes
 13188 | Lair:4   | Noticed Josephine
 13188 | Lair:4   | Noticed an eight-headed hydra
 13211 | Lair:3   | Killed Josephine
 13334 | Lair:4   | Killed a six-headed hydra
 13478 | Lair:4   | Reached skill level 15 in Axes
 13479 | Lair:4   | Reached XP level 13. HP: 98/103 MP: 13/13
 14297 | Lair:5   | Entered Level 5 of the Lair of Beasts
 14316 | Lair:5   | Reached ****** piety under Trog
 14329 | Lair:5   | HP: 11/103 [tyrant leech (16)]
 14332 | Lair:5   | Reached skill level 16 in Axes
 15035 | Lair:5   | Reached skill level 17 in Axes
 15078 | Lair:5   | Received a gift from Trog
 15607 | Lair:5   | Gained mutation: You have a pair of horns on your head.
                  | [demonic ancestry]
 15607 | Lair:5   | Reached XP level 14. HP: 54/110 MP: 14/14
 15948 | Lair:5   | Reached skill level 18 in Axes
 16344 | Lair:5   | Got Sif Muna's Compilation of Reformation
 16357 | Lair:5   | Identified a scroll of acquirement
 16363 | Lair:5   | Acquired the ring "Ykakhify" {rElec rF- rC++ Will+ Int+8}
 16688 | Lair:5   | Found a viscous altar of Jiyva.
 16694 | Lair:5   | Found a staircase to the Slime Pits.
 16705 | Lair:5   | Reached skill level 1 in Throwing
 17321 | D:9      | Killed arthad's ghost
 17449 | D:10     | Entered Level 10 of the Dungeon
 17608 | D:10     | Received a gift from Trog
 17776 | D:10     | Found a shadowy altar of Dithmenos.
 17971 | D:10     | Found a snail-covered altar of Cheibriados.
 19781 | D:12     | Found a staircase to the Orcish Mines.
 19850 | D:12     | Identified the +10 battleaxe "Ewnec" {flame, Fly Will+
                  | Dex+4} (Trog gifted it to you on level 12 of the Dungeon)
 19850 | D:12     | Received a gift from Trog
 20331 | Orc:1    | Entered Level 1 of the Orcish Mines
 20370 | Orc:1    | Noticed Sonja
 20372 | Orc:1    | Killed Sonja
 21037 | Orc:2    | Entered Level 2 of the Orcish Mines
 21040 | Orc:2    | Noticed Azrael
 21065 | Orc:1    | Killed Azrael
 21465 | Orc:2    | Received a gift from Trog
 21502 | Orc:2    | Reached skill level 5 in Dodging
 21505 | Orc:2    | Gained mutation: You have an extremely huge brain. (Int +4)
                  | [demonic ancestry]
 21505 | Orc:2    | Reached XP level 15. HP: 82/117 MP: 15/15
 21513 | Orc:2    | Found Viyr's General Store.
 21558 | Orc:2    | HP: 20/117 [something (12)]
 21889 | Orc:2    | Paralysed by an ogre mage for 2 turns
 22114 | Orc:2    | Found Koeraxi's Book Boutique.
 22153 | Orc:2    | Found Yzyocza's Assorted Antiques.
 22197 | Orc:2    | Found Nebromm's Magic Scroll Shop.
 22201 | Orc:2    | Bought 2 potions of heal wounds for 310 gold pieces
 22206 | Orc:2    | Bought a scroll of teleportation for 42 gold pieces
 22209 | Orc:2    | Bought a scroll of fear for 56 gold pieces
 22209 | Orc:2    | Bought a scroll of butterflies for 56 gold pieces
 22209 | Orc:2    | Bought a scroll of fear for 56 gold pieces
 22209 | Orc:2    | Bought 2 scrolls of silence for 266 gold pieces
 22256 | Orc:2    | Noticed Nessos
 22528 | Orc:1    | Killed Nessos
 22775 | Orc:2    | Found a staircase to the Elven Halls.
 22941 | Orc:2    | Bought a buckler for 139 gold pieces
 22953 | Orc:2    | Bought a thin cameo amulet for 155 gold pieces
 22956 | Orc:2    | Bought a twisted amethyst amulet for 155 gold pieces
 23077 | D:13     | Found a gate leading to a gauntlet.
 23093 | Gauntlet | Entered a Gauntlet
 23093 | Gauntlet | Found a transporter.
 23093 | Gauntlet | Found a transporter.
 23093 | Gauntlet | Found a transporter.
 23094 | Gauntlet | Found a transporter.
 23098 | Gauntlet | Found a transporter.
 23098 | Gauntlet | Found a transporter.
 23105 | Gauntlet | Found a transporter.
 23106 | Gauntlet | Found a transporter.
 23107 | Gauntlet | Found a transporter.
 23109 | Gauntlet | Found a large runed translucent door.
 23109 | Gauntlet | Found a transporter.
 23110 | Gauntlet | Found a large runed translucent door.
 23111 | Gauntlet | Found a large runed translucent door.
 23111 | Gauntlet | Found a large runed translucent door.
 23111 | Gauntlet | Found a runed translucent door.
 23112 | Gauntlet | Found a large runed translucent door.
 23113 | Gauntlet | Found a large runed translucent door.
 23114 | Gauntlet | Found a large runed translucent door.
 23114 | Gauntlet | Found a large runed translucent door.
 23115 | Gauntlet | Found a runed translucent gate.
 23115 | Gauntlet | Found a runed translucent gate.
 23117 | Gauntlet | Found a transporter.
 23117 | Gauntlet | Found a transporter.
 23117 | Gauntlet | Found the +3 Mad Mage's Maulers {Infuse+∞ VampMP -Cast}
 23127 | Gauntlet | Found a runed translucent gate.
 23128 | Gauntlet | Found a large runed translucent door.
 23128 | Gauntlet | Found a large runed translucent door.
 23129 | Gauntlet | Found a large runed translucent door.
 23130 | Gauntlet | Found a large runed translucent door.
 23139 | Gauntlet | Found a large runed translucent door.
 23139 | Gauntlet | Found a large runed translucent door.
 23139 | Gauntlet | Found a runed translucent door.
 23140 | Gauntlet | Found a large runed translucent door.
 23141 | Gauntlet | Found a large runed translucent door.
 23312 | Gauntlet | Received a gift from Trog
 23462 | Gauntlet | Reached skill level 1 in Shields
 23720 | Gauntlet | Identified the amulet "Mifun" {Spirit Rampage Dex+2}
 25763 | D:14     | Identified the +1 flail "Joxufig" {flame, rF++}
 26252 | D:14     | Found a gate to the Vaults.
 26258 | D:14     | Reached skill level 5 in Throwing
 26960 | D:14     | Gained mutation: A weak demonic guardian rushes to your
                  | aid. [demonic ancestry]
 26960 | D:14     | Reached XP level 16. HP: 108/126 MP: 0/16
 27244 | D:15     | Entered Level 15 of the Dungeon
 27339 | D:15     | Received a gift from Trog
 27541 | D:15     | Found a staircase to the Depths.
 27856 | D:15     | Reached skill level 5 in Shields
 28959 | D:15     | HP: 19/116 [hell knight/+2 great mace (7)]
 28960 | D:15     | Slain by a hell knight

Illustrated notes

Levels and vault maps discovered:
D:1:      kennysheep_arrival_forest, layout_basic,
          hellmonk_ecumenical_altar_pennies_from_heaven, fountainhead,
          minivault_5
D:2:      layout_loops_cross, basic_altar, dreamdust_princess_bridge
D:3:      layout_basic, portal_sewer_entry_f, uniq_jessica
D:4:      layout_basic, minmay_temple_entry_hall
D:5:      layout_cave_pools, serial_park_tiny_2, hangedman_decor_riveting
D:6:      layout_loops_ring, gammafunk_ghost_icy, st_stairs_14,
          minmay_misc_feat_nine_boxes
D:7:      layout_cave_pools, serial_column_ruins, column_ruins_columns_straight,
          column_ruins_open_small, column_ruins_open_tiny,
          column_ruins_columns_plus, column_ruins_grid_1, uniq_joseph
D:8:      layout_basic, amcnicky_altar_lugonu_corruption, uniq_erica,
          uniq_pikel, uniq_prince_ribbit1, uniq_maggie
D:9:      layout_cave_pods, zin_academy, nicolae_vehumet_altar_sigil,
          lair_entry_dummy, biasface_ghost_orc_armoury, uniq_gastronok
D:10:     layout_cave_pools, mainiacjoe_overflow_swirl, special_room
          [special_room_orc]
D:11:     layout_basic, minmay_microvault
D:12:     layout_small_grid, erik_orc_1
D:13:     layout_gridville, gauntlet_entry_generic
D:14:     layout_basic, lightli_vaults_fourway_checkpoint
D:15:     gammafunk_depths_entry_grave, layout_basic, elyvilon_altar_3,
          minmay_rotating_lava
Lair:1:   dreamdust_labyrinth, layout_gridlike, minivault_25,
          beast_lair_carwin_1, lemuel_fruit_fields
Lair:2:   layout_regular_city, nicolae_swamp_entry_splash_gauntlet,
          spider_nest_entry_web_field, lemuel_oklob_altar
Lair:3:   layout_cave_pods, basic_altar, serial_bayou_shore_a
Lair:4:   layout_loops_ring, grunt_megastairs_5, uniq_josephine
Lair:5:   minmay_lair_end_frog_pond, layout_regular_city,
          minmay_slime_entry_oklob_enclosed, cheibrodos_lair_lostbears,
          infiniplex_staircase_pool_2
Orc:1:    layout_diamond_mine, elves_outpost_lemuel, uniq_sonja
Orc:2:    st_orc_open, layout_diamond_mine, uniq_azrael, uniq_nessos

Skill      XL: |  1  2  3  4  5  6  7  8  9 10 11 12 13 14 15 16 |
---------------+-------------------------------------------------+-----
Stealth        | 2 |  2.0
Axes           | 3 4 5 7 8 9 12 15 17 18 | 18.8
Armour         | 1 2 3 4 6 7 9 10 11 | 11.6
Dodging        | 3 5 6 |  6.7
Evocations     | 1 2 3 4 5 7 8 |  8.9
Fighting       | 4 5 6 7 9 10 11 | 11.8
Throwing       | 3 5 |  5.0
Shields        | 4 5 |  5.3

Action                   |  1- 3 |  4- 6 |  7- 9 | 10-12 | 13-15 | 16-18 || total
-------------------------+-------+-------+-------+-------+-------+-------++-------
Melee: Hand axe          |   109 |   157 |    22 |       |       |       ||   288
       Headbutt          |    12 |    27 |    21 |    70 |   194 |    21 ||   345
       Punch             |       |     2 |       |     2 |     3 |       ||     7
       Broad axe         |       |       |   112 |   321 |   649 |    59 ||  1141
       Battleaxe         |       |       |       |    18 |   188 |       ||   206
       Executioner's axe |       |       |       |       |    18 |       ||    18
Throw: Stone             |    22 |     3 |     5 |       |    89 |       ||   119
       Boomerang         |       |    31 |       |   150 |    90 |    80 ||   351
       Dart              |       |       |     7 |    19 |   141 |       ||   167
       Javelin           |       |       |       |       |     6 |     3 ||     9
Invok: Berserk           |     1 |     2 |     3 |     3 |     5 |       ||    14
       Trog's Hand       |       |     2 |     2 |     1 |     3 |       ||     8
Evoke: Wand              |       |       |    11 |     6 |     5 |       ||    22
       Condenser vane    |       |       |       |       |     3 |       ||     3
  Use: Scroll            |     7 |     4 |     6 |     6 |    11 |       ||    34
       Potion            |       |     2 |     2 |     4 |     3 |     2 ||    13
 Stab: Sleeping          |     3 |     2 |     5 |       |     6 |       ||    16
       Distracted        |       |       |       |       |     1 |       ||     1
Armor: Robe              |    25 |       |       |       |       |       ||    25
       Ring mail         |    18 |       |       |       |       |       ||    18
       Troll leather arm |       |    78 |    36 |    28 |       |       ||   142
       Swamp dragon scal |       |       |       |   160 |   267 |    19 ||   446
Dodge: Dodged            |    83 |   120 |    81 |   239 |   347 |    20 ||   890
Block: Other             |       |       |       |    36 |   121 |       ||   157
       Reflection        |       |       |       |       |     4 |     1 ||     5
       Buckler           |       |       |       |       |    46 |    17 ||    63

Table legend: (Time is in decaauts)
 A = Elapsed time spent in this place.
 B = Non-inter-level travel time spent in this place.
 C = Inter-level travel time spent in this place.
 D = Time resting spent in this place.
 E = Time spent auto-exploring this place.
 F = Levels seen in this place.
 G = Mean time per level.
                   A        B        C        D        E       F      G
               +--------+--------+--------+--------+--------+-----+--------+
         Total |  29079 |  27253 |   1826 |   5180 |  17130 |  24 | 1211.6 |
       Dungeon |  17163 |  15950 |   1213 |   1632 |  11579 |  15 | 1144.2 |
          Lair |   8231 |   7822 |    409 |   2044 |   4329 |   5 | 1646.2 |
  Orcish Mines |   2700 |   2498 |    202 |   1209 |    879 |   2 | 1350.0 |
         Sewer |    308 |    308 |      0 |      1 |    212 |   1 |  308.0 |
      Gauntlet |    676 |    676 |      0 |    293 |    129 |   1 |  676.0 |
               +--------+--------+--------+--------+--------+-----+--------+

Top non-repeatable levels by time:
  Lair:5: 2245 daAuts
  Lair:3: 1928 daAuts
    D:13: 1889 daAuts
    D:15: 1709 daAuts
   Orc:1: 1633 daAuts
     D:9: 1542 daAuts
     D:8: 1495 daAuts
  Lair:1: 1457 daAuts
    D:14: 1454 daAuts
  Lair:2: 1429 daAuts
  Lair:4: 1170 daAuts
    D:12: 1152 daAuts
    D:11: 1150 daAuts
     D:1: 1112 daAuts
     D:3: 1083 daAuts

Table legend:
 A = Kills in this place as a percentage of kills in entire the game.
 B = Kills by you in this place as a percentage of kills by you in the entire game.
 C = Kills by friends in this place as a percentage of kills by friends in the entire game.
 D = Other kills in this place as a percentage of other kills in the entire game.
 E = Experience gained in this place as a percentage of experience gained in the entire game.
 F = Experience gained in this place divided by the number of levels of this place that you have seen.
                   A       B       C       D       E      F
               +-------+-------+-------+-------+-------+----------------------
         Total | 100.0 | 100.0 | 100.0 |   N/A | 100.0 | 6963.7
       Dungeon |  55.7 |  55.6 | 100.0 |   N/A |  42.2 | 4706.7
          Lair |  27.4 |  27.5 |   0.0 |   N/A |  36.7 | 12256.0
  Orcish Mines |  14.2 |  14.3 |   0.0 |   N/A |  18.4 | 15412.5
         Sewer |   0.7 |   0.7 |   0.0 |   N/A |   0.1 | 150.0
      Gauntlet |   2.0 |   2.0 |   0.0 |   N/A |   2.6 | 4273.0
               +-------+-------+-------+-------+-------+----------------------
